 Dungeon Crawl Stone Soup version 0.29-a0-90-gc37658a0fe (webtiles) character file.

Game seed: 15314507507850862525

44 lordive the Grasshopper (level 3, 0/37 HPs)
             Began as an Ogre Warper on Feb 7, 2022.
             Slain by an adder (4 damage)
             ... on level 2 of the Dungeon.
             The game lasted 00:01:26 (1732 turns).

lordive the Grasshopper (Ogre Warper)               Turns: 1732, Time: 00:01:27

Health: 0/37       AC:  3    Str: 15    XL:     3   Next: 60%
Magic:  6/6        EV:  9    Int: 16    God:
Gold:   75         SH:  0    Dex:  8    Spells: 7/7 levels left

rFire   . . .      SeeInvis .   a - +0 mace
rCold   + . .      Faith    .   (no shield)
rNeg    . . .      Spirit   .   b - +0 robe
rPois   .          Reflect  .   (helmet restricted)
rElec   .          Harm     .   (no cloak)
rCorr   .          Rampage  .   (gloves unavailable)
Will    .....                   (boots unavailable)
Stlth   +.........              (no amulet)
HPRegen 0.12/turn               g - ring of protection from cold
MPRegen 0.10/turn               (no ring)

@: lethally poisoned (0 -> -6)
A: large, unfitting armour, tough skin 1
a: no special abilities


You were on level 2 of the Dungeon.
You visited 1 branch of the dungeon, and saw 2 of its levels.

You collected 75 gold pieces.

Inventory:

Hand Weapons
 a - a +0 mace (weapon)
Missiles
 d - 5 boomerangs of dispersal (quivered)
Armour
 b - a +0 robe (worn)
Jewellery
 g - a ring of protection from cold (left hand)
Scrolls
 c - 2 scrolls of blinking
 e - a scroll of enchant weapon {unknown}
 h - a scroll of immolation {unknown}
 i - a scroll of acquirement {unknown}
 j - a scroll of amnesia {unknown}
 m - a scroll of silence {unknown}
 n - a scroll of identify {unknown}
Potions
 f - a potion of heal wounds
 k - a potion of ambrosia {unknown}
 l - a potion of curing {unknown}


   Skills:
 + Level 3.4 Fighting
 + Level 2.1 Maces & Flails
 + Level 1.0 Throwing
 + Level 2.2 Dodging
 + Level 0.1 Stealth
 + Level 2.5 Spellcasting
 * Level 3.4 Translocations


You had 7 spell levels left.
You didn't know any spells.
Your spell library contained the following spells:

 Spells                   Type           Power      Damage    Failure   Level
 Blink                    Tloc           24%        N/A       8%          2
 Gell's Gravitas          Tloc           12%        N/A       14%         3
 Lesser Beckoning         Tloc           12%        N/A       14%         3
 Teleport Other           Tloc           12%        N/A       14%         3
 Freeze                   Ice            8%         1d3       21%         1
 Frozen Ramparts          Ice            4%         1d2       52%         3
 Manifold Assault         Tloc           12%        N/A       80%         5
 Hailstorm                Conj/Ice       2%         3d3       89%         4


Dungeon Overview and Level Annotations

Branches:
Dungeon (2/15)

Altars:


Innate Abilities, Weirdness & Mutations

You are too large for most types of armour.
You have tough skin. (AC +1)


Message History

The goblin is almost dead.
The goblin hits you but does no damage.
You hit the goblin.
You kill the goblin!
The adder closely misses you.
You hit the adder but do no damage. The adder bites you but does no damage.
You miss the adder. The adder closely misses you. The adder bites you.
You are poisoned.
The adder poisons you!
You sock the adder!
The adder is severely wounded.
You feel very sick. The adder bites you. The adder closely misses you.
You closely miss the adder.
The adder is severely wounded.
You feel sick. The adder bites you.
You are more poisoned.
The adder poisons you! The adder barely misses you.
You closely miss the adder.
The adder is severely wounded.
You feel very sick. The adder bites you.
You are lethally poisoned!
The adder poisons you!
You hit the adder but do no damage.
The adder is severely wounded.
* * * LOW HITPOINT WARNING * * *
You feel very sick. The adder barely misses you. The adder closely misses you.
You miss the adder.
The adder is severely wounded.
* * * LOW HITPOINT WARNING * * *
You feel very sick. The adder closely misses you.
The adder bites you but does no damage.
You closely miss the adder.
The adder is severely wounded.
* * * LOW HITPOINT WARNING * * *
You feel very sick. The adder bites you.
You die...

........#...# #....#
#######.#...###....#
####.#..........#
..#.#..........#
#.#.#.........##
#.#.#.........#
#.............#
#...#.........##.
#@###..........#.#
#########S# #..........#.#
.....!....###...[..###.#.#
..........+....)...#...#.#
..........###....(.#.###.#
..........# #......#.# #.#
..........# #...#.##.###..
..........# #..........#..
..........# ##..#.######..


You could see an adder.

Vanquished Creatures
  A dart slug (D:1)
  2 ball pythons (D:1)
  4 endoplasms
  3 giant cockroaches
  4 goblins
  3 hobgoblins (D:1)
  3 jackals (D:2)
  7 bats
  A frilled lizard (D:2)
  4 kobolds
  3 rats (D:1)
35 creatures vanquished.

Notes
Turn   | Place    | Note
-------+----------+-------------------------------------------
     0 | D:1      | lordive the Ogre Warper began the quest for the Orb.
     0 | D:1      | Reached XP level 1. HP: 22/22 MP: 3/3
   207 | D:1      | Reached XP level 2. HP: 29/29 MP: 5/5
   900 | D:1      | Reached XP level 3. HP: 33/37 MP: 6/6
   999 | D:1      | Found a faded altar of an unknown god.
  1732 | D:2      | Slain by an adder

Illustrated notes

Levels and vault maps discovered:
D:1:      psy_arrival_conway, layout_basic, dreamdust_ecumenical_altar_grove,
          hangedman_decor_push, minmay_misc_feat_room, minmay_pentomino_p4
D:2:      layout_basic

Skill      XL: |  1  2 |
---------------+-------+-----
Maces & Flails | 2 |  2.1
Translocations | 3 |  3.4
Fighting       | 3 |  3.4
Throwing       | |  1.0
Dodging        | |  2.2
Stealth        | |  0.1
Spellcasting   | |  2.5

Action                   || total
-------------------------++-------
Melee: Mace              ||   112
  Use: Potion            ||     1
Armor: Robe              ||    52
Dodge: Dodged            ||    55

Table legend: (Time is in decaauts)
 A = Elapsed time spent in this place.
 B = Non-inter-level travel time spent in this place.
 C = Inter-level travel time spent in this place.
 D = Time resting spent in this place.
 E = Time spent auto-exploring this place.
 F = Levels seen in this place.
 G = Mean time per level.
                   A        B        C        D        E       F      G
               +--------+--------+--------+--------+--------+-----+--------+
         Total |   1769 |   1692 |     77 |      0 |   1417 |   2 |  884.5 |
       Dungeon |   1769 |   1692 |     77 |      0 |   1417 |   2 |  884.5 |
               +--------+--------+--------+--------+--------+-----+--------+

Top non-repeatable levels by time:
     D:1: 1514 daAuts
     D:2: 254 daAuts
